 Dungeon Crawl Stone Soup version 0.25.0-11-g1f837a76a1 (webtiles) character file.

Game seed: 4887114993629969391

339355 Flugkiller the Warrior (level 20, -21/208 HPs)
             Began as a Deep Dwarf Fighter on June 27, 2020.
             Was the Champion of Makhleb.
             Demolished by a juggernaut (24 damage)
             ... on level 5 of the Depths.
             The game lasted 00:17:32 (19981 turns).

Flugkiller the Warrior (Deep Dwarf Fighter)        Turns: 19981, Time: 00:17:32

Health: -21/208    AC: 37    Str: 28    XL:     20   Next: 66%
Magic:  21/21      EV: 17    Int: 16    God:    Makhleb [******]
Gold:   1191       SH: 22    Dex: 16    Spells: 19/19 levels left

rFire    . . .     SeeInvis +   S - +7 broad axe of Darkness {flame, rElec Dex+4 SInv}
rCold    . . .     Gourm    .   N - +0 tower shield
rNeg     + . .     Faith    +   a - +10 plate armour {ponderous}
rPois    .         Spirit   .   Q - +0 mask of the Dragon {MR+ Slay+3 SInv}
rElec    +         Reflect  .   U - +0 cloak {MR+}
rCorr    .         Harm     .   s - +2 pair of gloves
MR       +++++                  f - +2 pair of boots
Stlth    ..........             I - amulet of faith
HPRegen  0.00/turn              m - ring of Dishonour {EV+4 Int+6 Stlth-}
MPRegen  0.17/turn              j - +4 ring of slaying

@: flayed, non-regenerating, slow
A: damage resistance, heal wounds, negative energy resistance 1, sense
surroundings 3, no regeneration
}: 3/15 runes: serpentine, barnacled, silver
a: Heal Wounds, Minor Destruction, Lesser Servant of Makhleb, Major Destruction,
Greater Servant of Makhleb, Renounce Religion


You were on level 5 of the Depths.
You worshipped Makhleb.
Makhleb was exalted by your worship.
You were not hungry.

You visited 7 branches of the dungeon, and saw 38 of its levels.
You also visited: Bailey and Volcano.

You collected 2884 gold pieces.
You spent 1693 gold pieces at shops.

Inventory:

Hand Weapons
 l - a +0 vorpal war axe
   (You took it off an orc on level 3 of the Dungeon)
 y - a +3 war axe
   (You took it off a wight on level 7 of the Dungeon)
 S - the +7 broad axe of Darkness (weapon) {flame, rElec Dex+4 SInv}
   (You bought it in a shop on level 13 of the Dungeon)

   It has been specially enchanted to burn those struck by it, causing extra
   injury to most foes and up to half again as much damage against particularly
   susceptible opponents.
   Big, fiery blades are also staple armaments of hydra-hunters.
   It affects your dexterity (+4).
   It insulates you from electricity.
   It lets you see invisible.
 T - a +3 broad axe of freezing
   (You found it on level 12 of the Dungeon)
Missiles
 W - 3 throwing nets (quivered)
Armour
 a - a +10 plate armour of ponderousness (worn)
   (You found it on level 2 of the Lair of Beasts)
 f - a +2 pair of boots (worn)
   (You found it on level 6 of the Dungeon)
 s - a +2 pair of gloves (worn)
   (You found it on level 5 of the Dungeon)
 N - a +0 tower shield (worn)
   (You bought it in a shop on level 4 of the Shoals)
 Q - the +0 mask of the Dragon (worn) {MR+ Slay+3 SInv}
   (You found it on level 11 of the Dungeon)

   It affects your accuracy and damage with ranged weapons and melee attacks
   (+3).
   It affects your resistance to hostile enchantments.
   It lets you see invisible.
 U - a +0 cloak of magic resistance (worn)
   (You found it on level 5 of the Vaults)
Jewellery
 c - an uncursed ring of protection from cold
   (You bought it in a shop on level 2 of the Vaults)
 i - an uncursed ring of see invisible
   (You took it off a centaur on level 6 of the Dungeon)
 j - a +4 ring of slaying (right hand)
   (You found it on level 4 of the Dungeon)
 m - the ring of Dishonour (left hand) {EV+4 Int+6 Stlth-}
   (You found it on level 5 of the Vaults)

   [ring of evasion]

   It affects your evasion (+4).
   It affects your intelligence (+6).
   It makes you less stealthy.
 o - an uncursed ring of poison resistance
   (You found it on level 9 of the Dungeon)
 I - an amulet of faith (around neck)
   (You found it on level 7 of the Dungeon)
 O - a +6 ring of dexterity {unknown}
   (You found it on level 2 of the Depths)
 R - an uncursed ring of fire
   (You found it on level 13 of the Dungeon)
Wands
 v - a wand of digging (4)
   (You found it on level 3 of the Lair of Beasts)
 B - a wand of paralysis (13)
   (You took it off Maggie on level 7 of the Dungeon)
 C - a wand of acid (7)
   (You found it on level 7 of the Dungeon)
 G - a wand of clouds (9)
   (You found it on level 9 of the Dungeon)
 M - a wand of enslavement (14)
   (You found it on level 3 of the Lair of Beasts)
 P - a wand of iceblast (4)
   (You found it on level 6 of the Dungeon)
Scrolls
 g - 6 scrolls of fear
 k - 5 scrolls of fog
 r - 5 scrolls of identify
 t - 8 scrolls of teleportation
 x - 13 scrolls of remove curse
 z - 7 scrolls of blinking
 D - a scroll of holy word
 H - a scroll of immolation
 J - 5 scrolls of enchant armour
 K - a scroll of magic mapping
 L - 4 scrolls of summoning
 V - 2 scrolls of enchant weapon
Potions
 b - 2 potions of cancellation
 d - 5 potions of might
 h - 6 potions of haste
 n - 4 potions of resistance
 q - 11 potions of curing
 u - 6 potions of flight
 w - 16 potions of heal wounds
 A - a potion of mutation
 F - 4 potions of invisibility
 Z - a potion of lignification
Miscellaneous
 p - a tin of tremorstones (3/3)
   (You found it on level 2 of the Depths)
Comestibles
 e - 38 rations
 E - 5 chunks of flesh


   Skills:
 * Level 19.0 Fighting
 - Level 18.0 Axes
 + Level 18.5 Armour
 - Level 11.0 Dodging
 + Level 16.5 Shields
 - Level 15.0 Invocations
 - Level 8.0 Evocations


You had 19 spell levels left.
You didn't know any spells.
Your spell library was empty.

Dungeon Overview and Level Annotations

Branches:
Dungeon (15/15)            Temple (1/1) D:5            Lair (4/6) D:10
 Shoals (4/4) Lair:2        Snake (4/4) Lair:4          Orc (0/2) D:11
 Vaults (5/5) D:14         Depths (5/5) D:15         Bailey (visited)
Volcano (visited)
  Crypt: Vaults:2-3     Zot: Depths:5

Altars:
Ashenzari
Cheibriados
Dithmenos
Elyvilon
Fedhas
Gozag
Hepliaklqana
Kikubaaqudgha
Makhleb
Nemelex Xobeh
Okawaru
Qazlal
Ru
Sif Muna
Trog
Uskayaw
Vehumet
Wu Jian
Xom
Yredelemnul
Zin
The Shining One

Shops:
D:7 ?   D:13 }((   Shoals:4 *   Snake:2 :[   Snake:4 *?*%   Vaults:2 *[*=
Vaults:3 *

Portals:
Hell: Depths:3 Depths:4
Pandemonium: Depths:2
Ziggurat: Depths:5

Annotations:
D:13 1 runed translucent door
Lair:4 2 runed translucent doors, exclusion: oklob plant, Ebramnia's ghost, journeyman TrBe
Depths:3 1 exclusion
Depths:4 2 runed translucent doors


Innate Abilities, Weirdness & Mutations

You are resistant to damage.
You can heal yourself by infusing magical energy.
You resist negative energy. (rN+)
You passively map a large area around you.
You do not regenerate.


Message History

You are too injured to fight recklessly!
You are too injured to fight recklessly!
You are too injured to fight recklessly!
You are too injured to fight recklessly!
You slash the flayed ghost! You burn the flayed ghost.
The flayed ghost is moderately damaged.
You hit the juggernaut. You burn the juggernaut.
You barely miss the ice dragon. You block the ice dragon's attack.
The ice dragon claws you.
* * * LOW HITPOINT WARNING * * *
You block the ice dragon's attack. You block the flayed ghost's attack.
You hit the flayed ghost. You burn the flayed ghost.
The flayed ghost is heavily damaged.
You barely miss the juggernaut. You slash the ice dragon!
You burn the ice dragon. The ice dragon breathes frost at you.
The blast of cold hits you!!!
* * * LOW HITPOINT WARNING * * *
You block the flayed ghost's attack. The juggernaut hits you!!
You die...

#.#...........
, ,
,#..(..........
,, ,, ,*
#.$.(....<....
, ,* , , ,
#....(.....#.#
* , ,,,,#
#....(.....# ,
, ,,
..#..........#,
, * * , ,
.......$.....#
,* ,, ,
..#....)D)...#,
* *
.#.#....@C....#
* * ,, ,,..
#.....W....# *
* ,
#..........#
,*, , ,, ,
#..........# *
* ,
#..........# *
* , ,
#..........#, *
* ** , ,
,#..........#
,, , ,
#..........#**
, , , , , ,, *


You could see a juggernaut, an ice dragon (catching breath) and a flayed ghost.

Vanquished Creatures
  Vashnia (Snake:4)
  5 tentacled monstrosities (Vaults:5)
  A deep elf blademaster (Depths:2)
  A quicksilver dragon (shapeshifter) (Depths:2)
  2 quicksilver dragons
  3 titans (Vaults:5)
  Polyphemus (Shoals:4)
  A deep elf master archer (Depths:2)
  3 sphinxes
  3 storm dragons
  2 tengu reavers
  7 nagarajas
  2 shadow dragons
  Donald (Snake:4)
  3 storm dragons (shapeshifter) (Depths:2)
  4 fire giants
  2 ghost moths (Depths:2)
  9 frost giants
  A balrug (Depths:4)
  2 iron dragons
  Aizul (Snake:1)
  2 draconian knights (Vaults:4)
  6 vault wardens
  8 ironheart preservers
  17 very ugly things
  10 stone giants
  3 war gargoyles
  3 vampire knights
  A spriggan defender (Vaults:4)
  A deep elf demonologist (Vaults:5)
  A lorocyproca (Depths:2)
  2 deep elf annihilators
  2 spark wasps (Depths:2)
  5 ettins
  2 merfolk impalers
  2 crystal guardians
  4 deep elf death magi (Vaults:5)
  3 merfolk javelineers (Shoals:4)
  Josephine (D:13)
  A deep elf high priest (Vaults:5)
  5 fire dragons
  A great orb of eyes (Vaults:4)
  6 yaktaur captains
  A hydra (shapeshifter) (D:15)
  11 naga warriors
  2 rakshasas
  4 ice dragons
  23 vault guards
  12 centaur warriors
  6 spriggan air magi
  7 anacondas
  4 hydras (D:11)
  A juggernaut simulacrum (Depths:2)
  2 catoblepae
  A merfolk avatar (Shoals:4)
  A two-headed ogre (shapeshifter) (D:11)
  A death knight (D:14)
  4 ogre magi
  2 death yaks (Shoals:4)
  8 two-headed ogres
  3 merfolk aquamancers
  2 satyrs
  A queen ant (shapeshifter) (Depths:2)
  3 deep troll earth magi (Depths:2)
  2 deep troll shamans (Depths:4)
  4 dancing weapons (Depths:2)
  11 naga sharpshooters
  6 shock serpents
  2 deep elf knights (Vaults:3)
  2 shadow wraiths
  14 skeletal warriors
  2 iron trolls (Depths:4)
  A hell knight (Depths:2)
  A wizard (D:11)
  A fire crab (shapeshifter) (D:15)
  An unseen horror (D:11)
  4 salamander mystics (Snake:4)
  6 deep trolls
  3 sea snakes
  A glowing orange brain (D:15)
  3 naga ritualists (Snake:4)
  2 necromancers (Vaults:5)
  A deep elf archer (Vaults:3)
  3 phantasmal warriors
  A wolf spider zombie (D:14)
  7 ironbrand convokers
  10 orc knights
  5 harpies (Shoals:4)
  4 wolf spiders
  14 deep elf magi
  2 anaconda skeletons (Volcano)
  8 manticores
  6 mana vipers
  19 ugly things
  5 cyclopes
  2 frost giant zombies (Vaults:5)
  3 fauns (Shoals:2)
  A tengu skeleton (Vaults:3)
  6 guardian serpents
  4 salamanders
  2 centaur zombies
  5 elephants (Lair:2)
  16 naga magi
  A fire giant skeleton (Vaults:5)
  5 water nymphs
  19 black mambas
  A merfolk siren (Shoals:2)
  A frost giant skeleton (Vaults:3)
  A stone giant skeleton (Vaults:5)
  5 gargoyles
  7 vault sentinels
  3 spiny frogs
  Maggie (D:7)
  3 rime drakes
  3 freezing wraiths
  2 small abominations (Vaults:5)
  18 yaktaurs
  5 hellwings (Depths:4)
  2 komodo dragons
  2 wind drakes (Shoals:2)
  A queen bee (shapeshifter) (D:15)
  A troll (shapeshifter) (D:15)
  4 trolls
  6 merfolk
  6 red devils (Depths:4)
  A hornet (Vaults:1)
  A shadow dragon simulacrum (Vaults:3)
  19 slime creatures
  A wolf spider simulacrum (D:14)
  2 harpy skeletons (Volcano)
  8 blink frogs
  3 snapping turtles
  2 dream sheep (D:11)
  11 hippogriffs
  A spriggan (shapeshifter) (D:15)
  2 flying skulls (Volcano)
  A shadow (D:14)
  An ettin skeleton (Vaults:3)
  6 water elementals
  4 fire bats (Depths:4)
  20 yaks
  6 wyverns
  9 humans (D:14)
  A human (shapeshifter) (D:15)
  3 basilisks
  A hog (shapeshifter) (Vaults:3)
  8 wraiths
  A yak (shapeshifter) (D:13)
  A basilisk (shapeshifter) (Depths:4)
  7 vampire mosquitoes
  A hungry ghost (D:11)
  2 wargs
  Menkaure (D:7)
  62 nagas
  A soldier ant (D:13)
  2 acid dragons
  14 water moccasins
  A hydra simulacrum (Depths:2)
  5 porcupines
  22 orc warriors
  7 ice beasts
  5 phantoms
  A black bear (D:7)
  An eye of draining (D:15)
  12 ogres
  2 necrophages
  8 wolves
  12 crocodiles
  23 centaurs
  5 big kobolds
  13 bullfrogs
  A wyvern zombie (D:8)
  5 scorpions
  A human skeleton (Vaults:3)
  2 hornet simulacra (D:14)
  22 killer bees
  8 wights
  3 howler monkeys
  2 troll skeletons (Volcano)
  8 crimson imps
  3 spriggan skeletons (Volcano)
  A bullfrog zombie (D:11)
  A gnoll shaman (D:5)
  A jelly (D:10)
  15 orc priests
  8 hounds
  2 bullfrog skeletons
  3 centaur skeletons
  5 iguanas
  20 orc wizards
  13 worker ants
  2 naga skeletons (Volcano)
  2 hound zombies
  3 worker ant zombies
  15 adders
  5 gnolls (D:5)
  5 shadow imps
  2 oozes (D:4)
  2 adder skeletons
  An adder zombie (D:9)
  3 worms (D:3)
  2 leopard geckos
  108 orcs
  4 giant cockroaches
  3 goblins (D:1)
  2 hobgoblins (D:3)
  3 jackals (D:6)
  7 kobolds
  5 quokkas
  2 ball pythons (Lair:4)
  4 bats
  2 frilled lizards
  A giant cockroach zombie (D:5)
  A jackal skeleton (D:7)
  A leopard gecko skeleton (D:6)
  2 quokka zombies (D:6)
  2 fungi (Lair:2)
  2 plants
1162 creatures vanquished.

Vanquished Creatures (collateral kills)
  A nagaraja (Snake:4)
  A hydra (D:11)
  An anaconda (Snake:4)
  A mana viper (Snake:4)
  An ugly thing (D:11)
  A salamander (Snake:4)
  A naga mage (Snake:4)
  2 guardian serpents (Snake:4)
  5 nagas (Snake:4)
  A bullfrog simulacrum (D:11)
15 creatures vanquished.

Vanquished Creatures (others)
  A nagaraja (Snake:4)
  A merfolk aquamancer (Shoals:4)
  A flying skull (Volcano)
  A human (D:14)
  A naga (Snake:4)
  An orc warrior (Vaults:5)
  3 plants (Snake:3)
9 creatures vanquished.

Grand Total: 1186 creatures vanquished

Notes
Turn   | Place    | Note
-------+----------+-------------------------------------------
     0 | D:1      | Flugkiller the Deep Dwarf Fighter began the quest for the
                  | Orb.
     0 | D:1      | Reached XP level 1. HP: 20/20 MP: 1/1
    75 | D:1      | Reached XP level 2. HP: 24/27 MP: 2/2
   110 | D:2      | Reached skill level 3 in Fighting
   151 | D:3      | Found a shimmering blue altar of Sif Muna.
   177 | D:3      | Found a sparkling altar of Nemelex Xobeh.
   242 | D:3      | Reached XP level 3. HP: 25/34 MP: 3/3
   328 | D:3      | Reached XP level 4. HP: 31/42 MP: 4/4
   546 | D:4      | Reached XP level 5. HP: 24/50 MP: 5/5
   564 | D:4      | Reached skill level 4 in Fighting
   597 | D:4      | Reached XP level 6. HP: 24/57 MP: 6/6
   724 | D:4      | Found a bloodstained altar of Trog.
  1170 | D:4      | Found a shimmering altar of Xom.
  1170 | D:4      | Found an opulent altar of Gozag.
  1171 | D:4      | Found a hazy altar of Hepliaklqana.
  1271 | D:5      | Entered Level 5 of the Dungeon
  1324 | D:5      | Reached skill level 5 in Axes
  1400 | D:5      | Found a stormy altar of Qazlal.
  1543 | D:5      | Reached XP level 7. HP: 55/66 MP: 7/7
  1581 | D:5      | Found a staircase to the Ecumenical Temple.
  1588 | Temple   | Entered the Ecumenical Temple
  1789 | Temple   | Became a worshipper of Makhleb the Destroyer
  1959 | D:5      | Reached skill level 5 in Fighting
  2018 | D:6      | Reached skill level 5 in Armour
  2018 | D:6      | Reached skill level 1 in Invocations
  2019 | D:6      | Reached skill level 5 in Shields
  2315 | D:6      | Reached XP level 8. HP: 53/75 MP: 9/9
  2637 | D:7      | Reached * piety under Makhleb
  2637 | D:7      | Reached skill level 6 in Fighting
  2641 | D:7      | Found a bloodstained altar of Trog.
  2930 | D:7      | Found Cuofod's Magic Scroll Boutique.
  3037 | D:7      | Noticed Menkaure
  3049 | D:7      | Killed Menkaure
  3132 | D:7      | Gained mutation: You passively map the area around you.
                  | [Deep Dwarf growth]
  3132 | D:7      | Reached XP level 9. HP: 69/85 MP: 10/10
  3137 | D:7      | Noticed Maggie
  3156 | D:7      | Paralysed by Maggie for 5 turns
  3167 | D:7      | Killed Maggie
  3167 | D:7      | Reached skill level 7 in Fighting
  3637 | D:7      | Reached skill level 5 in Invocations
  3764 | D:8      | Reached ** piety under Makhleb
  3906 | D:8      | Reached XP level 10. HP: 82/96 MP: 13/13
  4095 | D:8      | Reached skill level 8 in Fighting
  4282 | D:8      | Found a snail-covered altar of Cheibriados.
  4287 | D:8      | Found an iron altar of Okawaru.
  4391 | D:8      | Reached *** piety under Makhleb
  4779 | D:9      | Noticed a cyclops
  4798 | D:9      | Killed a cyclops
  4917 | D:9      | Found the +5 scythe "Finisher" {speed, eviscerate}
  4940 | D:9      | Reached skill level 10 in Axes
  5031 | D:9      | Found a sacrificial altar of Ru.
  5318 | D:10     | Entered Level 10 of the Dungeon
  5341 | D:10     | Reached **** piety under Makhleb
  5358 | D:10     | Reached skill level 9 in Fighting
  5392 | D:10     | Reached XP level 11. HP: 104/106 MP: 15/15
  5597 | D:10     | Found a staircase to the Lair.
  5663 | D:10     | Reached ***** piety under Makhleb
  5897 | Lair:1   | Entered Level 1 of the Lair of Beasts
  6121 | Lair:1   | Found a dark tunnel.
  6128 | Volcano  | Entered a volcano
  6271 | Volcano  | Noticed a skeletal warrior
  6287 | Volcano  | Killed a skeletal warrior
  6294 | Volcano  | Noticed a skeletal warrior
  6308 | Volcano  | Reached skill level 10 in Fighting
  6319 | Volcano  | Killed a skeletal warrior
  6733 | Lair:1   | Reached XP level 12. HP: 91/116 MP: 14/14
  7214 | Lair:2   | Found a staircase to the Shoals.
  8759 | Lair:4   | Found a staircase to the Snake Pit.
  8832 | Lair:4   | Found a large runed translucent door.
  8832 | Lair:4   | Found a large runed translucent door.
  8834 | Lair:4   | Noticed Ebramnia's ghost (journeyman TrBe)
  8918 | Lair:4   | Reached skill level 10 in Armour
  8923 | Lair:4   | Reached skill level 11 in Fighting
  9097 | Lair:4   | Reached skill level 10 in Invocations
  9793 | D:11     | Reached ****** piety under Makhleb
  9834 | D:11     | Noticed a three-headed hydra
  9847 | D:11     | Killed a three-headed hydra
  9847 | D:11     | Reached skill level 10 in Shields
  9847 | D:11     | Reached XP level 13. HP: 127/127 MP: 16/16
 10287 | D:11     | Found the +0 mask of the Dragon {MR+ Slay+3 SInv}
 10455 | D:11     | Found a staircase to the Orcish Mines.
 10545 | D:11     | Reached skill level 12 in Fighting
 11011 | D:12     | Found a flagged portal.
 11019 | Bailey   | Entered a bailey
 11396 | D:13     | Found a shattered altar of Ashenzari.
 11494 | D:14     | Gained mutation: You resist negative energy. (rN+) [Deep
                  | Dwarf growth]
 11494 | D:14     | Reached XP level 14. HP: 139/139 MP: 14/14
 11666 | D:15     | Entered Level 15 of the Dungeon
 12002 | D:15     | Found a staircase to the Depths.
 12347 | Snake:1  | Entered Level 1 of the Snake Pit
 12349 | Snake:1  | Found an ancient bone altar of Kikubaaqudgha.
 12371 | Snake:1  | Noticed Aizul
 12385 | Snake:1  | Killed Aizul
 12474 | Snake:1  | Reached skill level 13 in Fighting
 12542 | Snake:2  | Reached skill level 15 in Axes
 12555 | Snake:2  | Found Comy's Armour Shoppe.
 12555 | Snake:2  | Found Cahan's Book Emporium.
 12701 | Snake:3  | Reached skill level 1 in Dodging
 12735 | Snake:3  | Reached XP level 15. HP: 101/148 MP: 16/16
 12793 | Snake:3  | Noticed a nagaraja
 12812 | Snake:3  | Killed a nagaraja
 12819 | Snake:4  | Entered Level 4 of the Snake Pit
 12903 | Snake:4  | Found Fuetrago's Assorted Antiques.
 12913 | Snake:4  | Bought a scroll labeled SOUSHRI CEEDUJORHO for 27 gold
                  | pieces
 12917 | Snake:4  | Noticed Donald
 12929 | Snake:4  | Killed Donald
 13046 | Snake:4  | Found Doiku's General Store.
 13102 | Snake:4  | Found Woegaywecs's Food Shop.
 13151 | Snake:4  | Noticed a nagaraja
 13151 | Snake:4  | Noticed a nagaraja
 13157 | Snake:4  | Killed a nagaraja
 13158 | Snake:4  | Killed a nagaraja
 13168 | Snake:4  | Noticed Vashnia
 13174 | Snake:4  | Reached skill level 14 in Fighting
 13181 | Snake:4  | Noticed a nagaraja
 13195 | Snake:4  | Killed a nagaraja
 13235 | Snake:4  | Noticed a nagaraja
 13238 | Snake:4  | Noticed a nagaraja
 13239 | Snake:4  | Noticed a nagaraja
 13245 | Snake:4  | Noticed a nagaraja
 13254 | Snake:4  | Killed a nagaraja
 13255 | Snake:4  | Noticed a nagaraja
 13257 | Snake:4  | Killed a nagaraja
 13261 | Snake:4  | Killed a nagaraja
 13263 | Snake:4  | Killed a nagaraja
 13263 | Snake:4  | Reached XP level 16. HP: 70/159 MP: 18/18
 13285 | Snake:4  | Killed Vashnia
 13285 | Snake:4  | Reached skill level 5 in Dodging
 13354 | Snake:4  | Reached skill level 15 in Armour
 13363 | Snake:4  | Got a serpentine rune of Zot
 13457 | Snake:4  | Found Lakeah's Magic Scroll Shoppe.
 13674 | Shoals:1 | Entered Level 1 of the Shoals
 13966 | Shoals:4 | Entered Level 4 of the Shoals
 13966 | Shoals:4 | Found Umielopoqe's Mass Market.
 13966 | Shoals:4 | Noticed Polyphemus
 13984 | Shoals:4 | Killed Polyphemus
 14068 | Shoals:4 | Bought a +0 tower shield for 72 gold pieces
 14220 | Shoals:4 | Got a barnacled rune of Zot
 14598 | D:13     | Found Tugei's Gadget Shoppe.
 14619 | D:13     | Reached skill level 15 in Fighting
 14753 | D:13     | Noticed Josephine
 14769 | D:13     | Killed Josephine
 14769 | D:13     | Reached XP level 17. HP: 170/170 MP: 18/18
 14774 | D:13     | Found Buuphodd's Antique Weapon Emporium.
 15021 | D:13     | Found a runed translucent door.
 15066 | D:13     | Found Sogisak's Antique Weapon Boutique.
 15071 | D:13     | Bought a slimy broad axe for 342 gold pieces
 15071 | D:13     | Identified the +7 broad axe of Darkness {flame, rElec Dex+4
                  | SInv} (You bought it in a shop on level 13 of the Dungeon)
 15444 | D:14     | Found a gate to the Vaults.
 15453 | Vaults:1 | Entered Level 1 of the Vaults
 15622 | Vaults:2 | Found Numiphim's Antique Armour Shoppe.
 15643 | Vaults:2 | Found Fenus's Jewellery Shop.
 15645 | Vaults:2 | Found Gosowkih's Assorted Antiques.
 15651 | Vaults:2 | Bought an uncursed ring of protection from cold for 325
                  | gold pieces
 15657 | Vaults:2 | Bought a scroll of enchant weapon for 307 gold pieces
 15657 | Vaults:2 | Bought a scroll of enchant weapon for 307 gold pieces
 15682 | Vaults:2 | Found Fuot's General Store.
 15695 | Vaults:2 | Bought a scroll of immolation for 66 gold pieces
 15898 | Vaults:3 | Found Jaroe's Assorted Antiques.
 15921 | Vaults:3 | Bought a scroll of enchant armour for 247 gold pieces
 16545 | Vaults:4 | Reached skill level 15 in Invocations
 16749 | Vaults:4 | Gained mutation: You passively map a large area around you.
                  | [Deep Dwarf growth]
 16749 | Vaults:4 | Reached XP level 18. HP: 147/181 MP: 20/20
 16780 | Vaults:4 | Reached skill level 16 in Fighting
 17129 | Vaults:5 | Entered Level 5 of the Vaults
 17129 | Vaults:5 | Noticed a tentacled monstrosity
 17144 | Vaults:5 | Killed a tentacled monstrosity
 17145 | Vaults:5 | Noticed a tentacled monstrosity
 17156 | Vaults:5 | Killed a tentacled monstrosity
 17213 | Vaults:5 | Got a glittering iron ring
 17363 | Vaults:5 | Noticed a tentacled monstrosity
 17373 | Vaults:5 | Killed a tentacled monstrosity
 17374 | Vaults:5 | Reached skill level 10 in Dodging
 17389 | Vaults:5 | Reached skill level 17 in Fighting
 17421 | Vaults:5 | Noticed a tentacled monstrosity
 17440 | Vaults:5 | Reached XP level 19. HP: 193/193 MP: 21/21
 17471 | Vaults:5 | Got a silver rune of Zot
 17528 | Vaults:5 | Reached skill level 15 in Shields
 17925 | Depths:1 | Entered Level 1 of the Depths
 17926 | Depths:1 | Identified the ring of Dishonour {EV+4 Int+6 Stlth-} (You
                  | found it on level 5 of the Vaults)
 17981 | Depths:1 | You fall into a shaft and drop 1 floor!
 17998 | Depths:2 | Got a scintillating ivory ring
 17999 | Depths:2 | Identified the ring "Kyru" {Ice rElec rN+ Int+3} (You found
                  | it on level 2 of the Depths)
 18072 | Depths:2 | Reached skill level 1 in Evocations
 18565 | Depths:2 | Found a one-way gate leading to the halls of Pandemonium.
 18587 | Depths:2 | Reached skill level 18 in Fighting
 18706 | Depths:2 | Reached skill level 5 in Evocations
 18725 | Depths:2 | Reached XP level 20. HP: 205/205 MP: 1/21
 19081 | Depths:3 | Found a gateway to Hell.
 19439 | Depths:4 | Found a runed translucent door.
 19445 | Depths:4 | Found a runed translucent door.
 19835 | Depths:5 | Entered Level 5 of the Depths
 19868 | Depths:5 | Found a gateway to a ziggurat.
 19969 | Depths:5 | Noticed a juggernaut
 19974 | Depths:5 | Reached skill level 19 in Fighting
 19981 | Depths:5 | HP: 3/208 [ice dragon/blast of cold (50)]
 19981 | Depths:5 | Demolished by a juggernaut

Illustrated notes

Levels and vault maps discovered:
D:1:      minmay_arrival_plants_in_alcoves, layout_rooms, nrook_mini_vaults
D:2:      layout_rooms, minmay_tiny_reverse_x
D:3:      minmay_chambers_of_threes, layout_basic, grunt_temple_overflow_open,
          corexii_item_surrounded_by_moat, minmay_misc_feat_columns
D:4:      layout_basic, nicolae_overflow_crystal_walls,
          gammafunk_temple_overflow_forgotten, hangedman_decor_push
D:5:      layout_loops_cross, grunt_qazlal_clouds,
          minmay_temple_entry_drinking_statues, first_ration
D:6:      layout_basic
D:7:      layout_layer_cave, basic_altar, serial_shops, nicolae_shop_trees,
          uniq_menkaure, uniq_maggie
D:8:      minmay_goldmine, layout_basic, gammafunk_temple_overflow_statue
D:9:      layout_rooms, nicolae_ru_the_path_less_chosen,
          minmay_guarded_unrand_finisher
D:10:     layout_rooms, minmay_lair_entry_grove
D:11:     minmay_the_grid_square_5x5_4x4
          [minmay_the_grid_square_5x5_pentomino_r,
          minmay_the_grid_square_5x5_fancy_junction,
          minmay_the_grid_square_5x5_one_wall, minmay_the_grid_square_5x5_fat_x,
          minmay_the_grid_square_5x5_checkered,
          minmay_the_grid_square_5x5_prize_pseudospiral,
          minmay_the_grid_square_5x5_prize_snowflake,
          minmay_the_grid_square_5x5_misaligned,
          minmay_the_grid_square_5x5_shuriken,
          minmay_the_grid_square_5x5_prize_monsterx,
          minmay_the_grid_square_5x5_prize_deathbox,
          minmay_the_grid_square_5x5_z, minmay_the_grid_square_5x5_trominoes,
          minmay_the_grid_square_5x5_eight_small,
          minmay_the_grid_square_5x5_doubleslash,
          minmay_the_grid_square_5x5_six_small], layout_gridville, orc_0_dummy,
          hangedman_ranch [blue_anna_fruit_fields]
D:12:     layout_stronghold, enter_bailey_2
D:13:     layout_loops_ring, basic_altar, serial_shops, shop, shop,
          kennysheep_little_box, hangedman_decor_growths,
          corexii_leaking_fountain, nrook_campfire, minivault_13, uniq_josephine
D:14:     layout_basic, ximxim_vaults_locker_room, kennysheep_cross_bottleneck,
          hangedman_decor_opposing, corexii_hall_statues_u
D:15:     gammafunk_enter_depths_forms, layout_loops_corners,
          chequers_serial_rivers_micro_e, minmay_misc_feat_diagonals
Temple:   minmay_temple_bridge_abc
Lair:1:   layout_chaotic_city, enter_volcano_1
Lair:2:   layout_concentric_octagons, minmay_shoals_entry_beasts
Lair:3:   layout_regular_city
Lair:4:   layout_small_grid, minmay_snake_entry_six_corridors,
          ebering_ghost_disaster_area
Shoals:1: cheibrodos_shoals_roost, layout_shoals
Shoals:2: layout_shoals
Shoals:3: layout_shoals
Shoals:4: shoals_end_hangedman, layout_shoals, minmay_shop_mass, uniq_polyphemus
Snake:1:  layout_misc_corridors, basic_altar, serial_shops, shop,
          minmay_shop_grove, uniq_aizul
Snake:2:  layout_misc_corridors, gammafunk_ghost_grave,
          nicolae_snake_single_loop, grunt_megastairs_2, minmay_shoptagon,
          serial_bayou_shore_b
Snake:3:  layout_misc_corridors, serial_shops, shop_statue, serial_bayou_shore_a
Snake:4:  johnstein_snake_rune_scales, layout_basic, serial_shops,
          nicolae_shop_behind_doors, nicolae_shop_overgrown_old_shop, shop,
          nicolae_shop_stone, grunt_megastairs_5, uniq_donald
Vaults:1: dpeg_vaults_pockets_of_resistance, v_misc_8, hangedman_vaults_nails,
          vaults_room_grunt_arrival_ludios, ontoclasm_vaults_spin,
          vaults_room_hallway, v_misc_23, v_misc_17, v_misc_27,
          vaults_room_door_ring, serial_ice_b, layout_vaults_omnibox
Vaults:2: nicolae_vaults_rhombus_7, hangedman_vaults_stream,
          ontoclasm_vaults_claustrophobia, vaults_room_fancy_cross,
          nicolae_vaults_yaktaur_gun_rack, nicolae_vaults_network_quinsquares
          [nicolae_vaults_network_quincunx_subvault,
          nicolae_vaults_network_quincunx_subvault,
          nicolae_vaults_network_quincunx_subvault,
          nicolae_vaults_network_quincunx_subvault], v_misc_13,
          vaults_mumra_minichess_inversion, layout_vaults_ring, serial_shops,
          nicolae_shop_behind_doors, nicolae_shop_overgrown_old_shop, shop,
          shop, shop
Vaults:3: nicolae_vaults_little_squares_3, st_lattice, v_misc_1,
          vaults_dpeg_ring, minmay_crypt_entry_skeletal_spiral,
          nicolae_vaults_little_squares_2, v_rooms_1, v_misc_33, v_misc_4,
          v_alt_pattern_5, ontoclasm_vaults_decontamination, v_misc_11,
          nicolae_vaults_diagonal_hallway_9, ontoclasm_vaults_hangar,
          ontoclasm_vaults_gateway, layout_vaults_omnicross, serial_shops, shop
Vaults:4: v_misc_17, hangedman_vaults_corner_blocks, v_misc_33,
          hangedman_vaults_slice, vaults_dpeg_hooks, sword_in_stone, v_misc_5,
          nicolae_vaults_hallways_thing, v_misc_13, ontoclasm_vaults_ring_small,
          ontoclasm_vaults_fault, v_misc_10, hangedman_vaults_cutoff,
          hangedman_vaults_nodes, grunt_vaults_hallway_long,
          layout_vaults_maze_snakey
Vaults:5: serial_shops
Depths:1: layout_gridlike, roderic_serpentine_path, hell_entry,
          okawaru_ov_weapons_minmay, roderic_lattice_octagonal_star,
          firewood_loft
Depths:2: hangedman_crystal_crosses_colossus [crystal_crosses_arms_four,
          crystal_crosses_arms_two, crystal_crosses_arms_two,
          crystal_crosses_arms_one], hell_entry, pan_entry, serial_shops
Depths:3: grunt_deathspiral_small, layout_small_grid, rand_demon_pan_entry_4,
          hell_entry, chequers_jeans, serial_bayou_shore_b
Depths:4: thingy_vault_2, layout_gridlike, abyss_entry_small_statue_room,
          hellmouth_3, minmay_misc_feat_nine_boxes, nrook_mini_backslash,
          st_stairs_2, tgw_lugonu_bribe
Depths:5: evilmike_zot_entry_argh, layout_cave_shapes, enter_ziggurat_b,
          hangedman_coc_ice_floe, mu_enter_wizlab_7, abyss_entry

Skill      XL: |  1  2  3  4  5  6  7  8  9 10 11 12 13 14 15 16 17 18 19 20 |
---------------+-------------------------------------------------------------+-----
Fighting       | 3 4 5 6 7 9 10 11 12 13 14 15 17 18 19 | 19.0
Axes           | 3 4 5 6 7 8 10 11 12 14 15 16 17 18 | 18.0
Armour         | 4 5 6 7 9 10 12 13 14 15 16 17 18 | 18.5
Shields        | 4 5 6 7 9 10 11 12 13 14 15 16 | 16.5
Invocations    | 2 3 5 7 8 10 11 12 13 14 15 | 15.0
Dodging        | 1 4 6 8 10 11 | 11.0
Evocations     | 5 8 |  8.0

Action                   |  1- 3 |  4- 6 |  7- 9 | 10-12 | 13-15 | 16-18 | 19-21 || total
-------------------------+-------+-------+-------+-------+-------+-------+-------++-------
Melee: War axe           |    69 |   112 |   295 |   753 |   292 |       |       ||  1521
       Unarmed           |       |       |       |     3 |       |       |       ||     3
       Broad axe         |       |       |       |       |   590 |   933 |   592 ||  2115
Invok: Lesser Servant of |       |       |       |       |     7 |       |       ||     7
       Greater Servant o |       |       |       |       |     5 |       |       ||     5
 Abil: Heal Wounds       |       |     7 |     7 |     8 |    14 |     5 |     3 ||    44
Evoke: Wand              |       |       |       |     5 |     4 |       |     1 ||    10
  Use: Scroll            |       |     8 |       |    11 |    13 |     1 |     6 ||    39
       Potion            |       |       |       |       |       |     2 |       ||     2
 Stab: Confused          |       |       |       |       |     5 |       |       ||     5
       Distracted        |       |       |       |       |     1 |       |     1 ||     2
       Petrified         |       |       |       |       |       |       |    11 ||    11
  Eat: Chunk             |       |     2 |     5 |    14 |    10 |     9 |     3 ||    43
       Ration            |       |       |     1 |     2 |     1 |     2 |     2 ||     8
Armor: Scale mail        |    23 |    23 |       |       |       |       |       ||    46
       Chain mail        |       |    33 |   182 |   308 |       |       |       ||   523
       Plate armour      |       |       |       |   129 |   717 |   405 |   222 ||  1473
Dodge: Dodged            |    23 |    23 |    67 |   219 |   269 |   230 |   259 ||  1090
Block: Kite shield       |    39 |    60 |   186 |   532 |   735 |   455 |       ||  2007
       Reflection        |       |       |       |       |    24 |    71 |       ||    95
       Tower shield      |       |       |       |       |       |   189 |   628 ||   817
